 Dungeon Crawl Stone Soup version 0.27-a0-869-g165b36e3f0 (webtiles) character file.

Game seed: 6864859776617777834

1904 mhtbhm the Cleaver (level 8, 0/71 HPs)
             Began as a Minotaur Fighter on Apr 3, 2021.
             Was a Priest of Trog.
             Slain by Maggie
             ... wielding a +0 halberd of flaming
              (10 damage)
             ... on level 7 of the Dungeon.
             The game lasted 00:07:55 (4035 turns).

mhtbhm the Cleaver (Minotaur Fighter)               Turns: 4035, Time: 00:07:55

Health: 0/71       AC: 13    Str: 24    XL:     8   Next: 94%
Magic:  7/7        EV:  9    Int:  5    God:    Trog [***...]
Gold:   228        SH: 10    Dex:  9    Spells: 7/7 levels left

rFire    . . .     SeeInvis .   a - +0 war axe
rCold    + . .     Faith    .   c - +0 kite shield
rNeg     . . .     Spirit   .   b - +3 scale mail {rC+}
rPois    .         Reflect  .   (helmet restricted)
rElec    .         Harm     .   (no cloak)
rCorr    .         Rampage  .   i - +1 pair of gloves
Will     .....                  (no boots)
Stlth    ..........             (no amulet)
HPRegen  0.21/turn              (no ring)
MPRegen  0.10/turn              (no ring)

@: mighty, lethally poisoned (0 -> -3), attractive, flying, mesmerised
A: horns 2, retaliatory headbutt
a: Renounce Religion, Berserk, Trog's Hand


You were on level 7 of the Dungeon.
You worshipped Trog.
Trog was most pleased with you.
You visited 1 branch of the dungeon, and saw 5 of its levels.
You also visited: Sewer.

You collected 228 gold pieces.

Inventory:

Hand Weapons
 a - a +0 war axe (weapon)
Missiles
 m - 18 poisoned darts (quivered)
Armour
 b - a +3 scale mail of cold resistance (worn)
 c - a +0 kite shield (worn)
 i - a +1 pair of gloves (worn)
Wands
 p - a wand of polymorph (4)
 u - a wand of acid (5)
Scrolls
 k - a scroll of magic mapping {unknown}
 l - a scroll of holy word {unknown}
 o - a scroll of immolation
 t - a scroll of silence {unknown}
 v - a scroll of blinking {unknown}
Potions
 f - a potion of resistance
 g - 2 potions of flight


   Skills:
 + Level 6.5 Fighting
 + Level 9.4 Axes
 + Level 6.6 Armour
 + Level 2.7 Dodging
 + Level 0.7 Stealth
 + Level 6.9 Shields
 + Level 0.5 Evocations


You had 7 spell levels left.
You didn't know any spells.
Your spell library contained the following spells:

 Spells                   Type           Power      Damage    Failure   Level
 Animate Skeleton         Necr           0%         N/A       98%         1
 Apportation              Tloc           0%         N/A       98%         1
 Corona                   Hex            0%         N/A       98%         1
 Summon Small Mammal      Summ           0%         N/A       98%         1


Dungeon Overview and Level Annotations

Branches:
Dungeon (4/15)              Sewer (visited)
 Temple: D:4-7

Altars:
Trog

Shops:
D:1 (   D:3 =   D:4 [

Annotations:
D:7 1 runed translucent door, Maggie


Innate Abilities, Weirdness & Mutations

You have a pair of horns on your head.
You reflexively headbutt those who attack you in melee.


Message History

You feel very sick.
Maggie mumbles some strange words.
Maggie attempts to bespell you!
You are mesmerised by Maggie!
Unknown command.
Throw: 19 darts (poison)
Press: ? - help, Q - select action, (/) - cycle Shift-Dir - straight line, f/p - orc warrior
Aim: an orc warrior, wielding a +0 short sword and wearing a +0 chain mail (lightly wounded, very poisoned, 53% to hit)
You throw a poisoned dart.
The poisoned dart closely misses the orc warrior.
You feel sick.
Unknown command.
Throw: 18 darts (poison)
Press: ? - help, Q - select action, (/) - cycle Shift-Dir - straight line, f - Maggie, p - orc warrior
Aim: Maggie, wielding a +0 halberd of flaming and wearing +0 swamp dragon scales (mesmerising, 61% to hit)
Okay, then.
This is a scroll of acquirement!
Something appears at your feet!
You feel sick.
Maggie points at you and mumbles some strange words.
The bolt of fire hits you!
* * * LOW HITPOINT WARNING * * *
Unknown command.
Okay, then.
It was a potion of attraction.
You feel attractive to monsters.
You feel sick. Maggie is pulled toward you!
The orc warrior is pulled toward you!
Okay, then.
Okay, then.
You are too mesmerised to rage.
Okay, then.
You feel very mighty all of a sudden.
You feel sick. You block the orc warrior's attack. You block Maggie's attack.
You hit Maggie.
Maggie is lightly wounded.
You hit the orc warrior.
You feel sick.
The orc warrior hits you with a +0 short sword.
* * * LOW HITPOINT WARNING * * *
Maggie hits you with a +0 halberd of flaming!
You die...

...## ...#.. .. #...... ..
##....... . # .........
.## .## ......... #.#
#..### ####..... #.#
#...... .###. #.###.......
##.# #@@......# #..
####.o...#...## ##.# #
...........##..# . ##..#
#...####.○.......#.. ##..#
#...# #....°.......
....####K...##
#(.))[......
.##5K#.......###.#.°....##
####55.....##..#()#....##
##......# #...o....#


You could see Maggie (mesmerising) and an orc warrior (very poisoned).

Vanquished Creatures
  Pikel (D:7)
  Sigmund (D:2)
  A steam dragon (D:7)
  A water moccasin (D:7)
  A necrophage (D:4)
  An ogre (D:4)
  A black bear (D:4)
  2 phantoms (D:4)
  2 lemures (D:7)
  3 bullfrogs
  A water moccasin zombie (D:4)
  A bullfrog skeleton (D:4)
  Jessica (D:3)
  2 iguanas (D:4)
  Natasha (twice) (D:2)
  An orc wizard (D:7)
  Robin (D:3)
  9 adders
  A white imp (D:7)
  2 adder skeletons (D:4)
  A worm (D:4)
  A dart slug (D:2)
  11 orcs
  17 ball pythons
  3 bats
  14 endoplasms
  9 giant cockroaches
  16 goblins
  7 hobgoblins
  2 jackals (D:4)
  4 kobolds (D:4)
  21 quokkas
  15 frilled lizards
  6 rats
162 creatures vanquished.

Vanquished Creatures (others)
  2 orcs (D:7)
  13 plants (D:2)
15 creatures vanquished.

Grand Total: 177 creatures vanquished

Notes
Turn   | Place    | Note
-------+----------+-------------------------------------------
     0 | D:1      | mhtbhm the Minotaur Fighter began the quest for the Orb.
     0 | D:1      | Reached XP level 1. HP: 19/19 MP: 0/0
   141 | D:1      | Reached XP level 2. HP: 27/27 MP: 1/1
   302 | D:1      | Found Roadgh's Weapon Shop.
   609 | D:2      | Noticed Sigmund
   619 | D:2      | Killed Sigmund
   620 | D:2      | Reached skill level 4 in Axes
   620 | D:2      | Reached XP level 3. HP: 29/34 MP: 2/2
   620 | D:2      | Reached XP level 4. HP: 35/41 MP: 3/3
   620 | D:2      | Reached XP level 5. HP: 41/47 MP: 4/4
  1004 | D:2      | Noticed Natasha
  1009 | D:2      | Killed Natasha
  1010 | D:2      | Reached skill level 5 in Armour
  1276 | D:2      | Found a bloodstained altar of Trog.
  1498 | D:2      | Noticed Natasha
  1517 | D:2      | Killed Natasha
  1587 | D:2      | Became a worshipper of Trog the Wrathful
  1845 | D:3      | Found Plog's Jewellery Boutique.
  1875 | D:3      | Reached XP level 6. HP: 55/55 MP: 5/5
  2078 | D:3      | Noticed Jessica
  2081 | D:3      | Killed Jessica
  2082 | D:3      | Reached skill level 5 in Axes
  2083 | D:3      | Noticed Robin
  2096 | D:3      | Killed Robin
  2097 | D:3      | Reached skill level 5 in Shields
  2098 | D:3      | Reached * piety under Trog
  2386 | D:4      | Found Vicoac's Antique Armour Emporium.
  2410 | D:4      | Reached skill level 5 in Fighting
  2545 | D:4      | Reached skill level 6 in Axes
  2545 | D:4      | Reached XP level 7. HP: 47/61 MP: 6/6
  2864 | D:4      | Identified the +2 leather armour of the Kangaroo {Dex+4}
  2871 | D:4      | Found a glowing drain.
  2896 | D:4      | Reached ** piety under Trog
  2899 | Sewer    | Entered a sewer
  2968 | Sewer    | Reached skill level 1 in Dodging
  3168 | Sewer    | Reached *** piety under Trog
  3227 | Sewer    | Reached skill level 7 in Axes
  3381 | D:4      | Reached XP level 8. HP: 64/69 MP: 7/7
  3517 | D:4      | Reached skill level 8 in Axes
  3870 | D:4      | You fall into a shaft and drop 3 floors!
  3963 | D:7      | Found a runed translucent gate.
  3986 | D:7      | Noticed Pikel
  4021 | D:7      | Killed Pikel
  4022 | D:7      | Reached skill level 9 in Axes
  4028 | D:7      | Noticed Maggie
  4032 | D:7      | Identified a scroll of acquirement
  4032 | D:7      | Acquired a manual of Armour
  4035 | D:7      | Slain by Maggie

Illustrated notes

Levels and vault maps discovered:
D:1:      tarquinn_simple_flora_water_d, layout_rooms, serial_shops, shop
D:2:      layout_loops_corners, basic_altar, serial_bayou_lagoon_b,
          uniq_natasha, uniq_sigmund
D:3:      layout_basic, serial_shops, shop, uniq_jessica, uniq_robin
D:4:      minmay_recursive_quarters, layout_layer_cave, serial_shops, shop,
          portal_sewer_entry_f
D:7:      layout_layer_cave, ebering_ghost_rock_garden, uniq_maggie,
          uniq_menkaure, uniq_pikel

Skill      XL: |  1  2  3  4  5  6  7  8 |
---------------+-------------------------+-----
Armour         | 4 5 6 |  6.6
Fighting       | 4 5 6 |  6.5
Axes           | 4 6 7 9 |  9.4
Shields        | 4 5 6 |  6.9
Dodging        | 1 2 |  2.7
Stealth        | |  0.7
Evocations     | |  0.5

Action                   |  1- 3 |  4- 6 |  7- 9 || total
-------------------------+-------+-------+-------++-------
Melee: War axe           |    38 |   115 |   218 ||   371
       Headbutt          |     4 |    18 |    23 ||    45
Throw: Dart              |       |       |     5 ||     5
Evoke: Wand              |       |       |     3 ||     3
  Use: Scroll            |       |       |     9 ||     9
       Potion            |       |       |     4 ||     4
Armor: Scale mail        |     9 |    40 |   119 ||   168
Dodge: Dodged            |    16 |    43 |    91 ||   150
Block: Kite shield       |    13 |    56 |   138 ||   207

Table legend: (Time is in decaauts)
 A = Elapsed time spent in this place.
 B = Non-inter-level travel time spent in this place.
 C = Inter-level travel time spent in this place.
 D = Time resting spent in this place.
 E = Time spent auto-exploring this place.
 F = Levels seen in this place.
 G = Mean time per level.
                   A        B        C        D        E       F      G
               +--------+--------+--------+--------+--------+-----+--------+
         Total |   4298 |   4272 |     26 |      3 |   2984 |   6 |  716.3 |
       Dungeon |   3821 |   3795 |     26 |      3 |   2787 |   5 |  764.2 |
         Sewer |    477 |    477 |      0 |      0 |    196 |   1 |  477.0 |
               +--------+--------+--------+--------+--------+-----+--------+

Top non-repeatable levels by time:
     D:2: 1286 daAuts
     D:4: 1212 daAuts
     D:1: 582 daAuts
     D:3: 568 daAuts
   Sewer: 477 daAuts
     D:7: 171 daAuts
